 Dungeon Crawl Stone Soup version 0.22-a0-63-geddfa9b (webtiles) character file.

794 shenanigans the Skirmisher (level 7, -4/56 HPs)
             Began as a Barachi Skald on Jan 10, 2018.
             Was an Initiate of Okawaru.
             Slain by Edmund
             ... wielding a +6 dire flail of protection
              (9 damage)
             ... on level 5 of the Dungeon.
             The game lasted 00:15:05 (5213 turns).

shenanigans the Skirmisher (Barachi Skald)          Turns: 5213, Time: 00:15:05

Health: -4/56      AC: 13    Str: 13    XL:     7   Next: 89%
Magic:  10/10      EV:  5    Int: 15    God:    Okawaru [......]
Gold:   246        SH:  0    Dex: 11    Spells: 9/10 levels left

rFire    . . .     SeeInvis .   v - +0 mace (venom)
rCold    . . .     Gourm    +   (no shield)
rNeg     . . .     Faith    .   u - +0 plate armour
rPois    .         Spirit   .   (no helmet)
rElec    .         Reflect  .   t - +0 cloak (curse)
rCorr    .         Harm     .   (no gloves)
MR       +....                  (no boots)
Stlth    ..........             m - amulet of the gourmand
HPRegen  0.18/turn              s - ring of protection from magic
MPRegen  0.12/turn              (no ring)

@: lethally poisoned (-4 -> -6), can't hop, slow
A: +LOS, swims, slowness 1, strong legs 1
a: Hop, Renounce Religion


You were on level 5 of the Dungeon.
You worshipped Okawaru.
Okawaru was noncommittal.
You were not hungry.

You visited 2 branches of the dungeon, and saw 6 of its levels.

You collected 246 gold pieces.

Inventory:

Hand Weapons
 a - a +0 hand axe
 e - a +1 dagger of venom
 h - a +1 flail of draining
 v - a +0 mace of venom (weapon)
 z - a +0 war axe
Missiles
 r - 9 javelins (quivered)
 w - 9 tomahawks
Armour
 b - a +0 leather armour
 j - a +0 ring mail
 k - a +0 chain mail
 t - a cursed +0 cloak (worn)
 u - a +0 plate armour (worn)
Jewellery
 m - an amulet of the gourmand (around neck)
 s - a ring of protection from magic (left hand)
Wands
 y - a wand of random effects (14)
Scrolls
 f - 2 scrolls of fear
 g - 2 scrolls of teleportation
 i - a scroll of identify
 l - a scroll of amnesia
 n - 3 scrolls of remove curse
Potions
 o - 2 potions of heal wounds
 p - a potion of agility
 q - a potion of haste
 x - 2 potions of curing
Books
 c - a book of Battle

   Spells                             Type                      Level
   a - Infusion                       Charms                       1
   b - Shroud of Golubria             Charms/Translocation         2
   c - Song of Slaying                Charms                       2
   d - Spectral Weapon                Hexes/Charms                 3
   e - Regeneration                   Charms/Necromancy            3
Comestibles
 d - 6 rations


   Skills:
 + Level 5.3 Fighting
 + Level 4.9 Axes
 + Level 4.9 Armour
 + Level 4.9 Dodging
 - Level 2.1 Spellcasting
 - Level 3.2 Charms
 * Level 1.8 Invocations


You had 9 spell levels left.
You knew the following spells:

 Your Spells              Type           Power        Failure   Level  Hunger
a - Infusion              Chrm           ##..         99%         1    #......


Dungeon Overview and Level Annotations

Branches:
Dungeon (5/15)             Temple (1/1) D:5

Altars:
Ashenzari
Elyvilon
Hepliaklqana
Kikubaaqudgha
Makhleb
Nemelex Xobeh
Okawaru
Qazlal
Ru
Sif Muna
Trog
Uskayaw
Vehumet
Wu Jian
Xom
Zin
The Shining One

Shops:
D:4 *

Annotations:
D:2 Crazy Yiuf
D:4 Banano's ghost, amateur HOMo
D:5 Edmund


Innate Abilities, Weirdness & Mutations

Shadows flee at your approach. (+LOS)
You can swim through water.
You cover ground slowly.
You can hop short distances.


Message History

You feel sick.
You feel sick.
You feel sick.
You feel sick.
You see here an orc corpse.
You hit Edmund but do no damage.
Edmund looks even sicker.
Edmund is moderately wounded.
Edmund hits you with a dire flail of protection.
* * * LOW HITPOINT WARNING * * *
You barely miss Edmund.
Edmund is moderately wounded.
You feel sick.
Edmund hits you with a dire flail of protection.
* * * LOW HITPOINT WARNING * * *
You closely miss Edmund.
Edmund is moderately wounded.
Edmund hits you with a dire flail of protection!
* * * LOW HITPOINT WARNING * * *
Edmund hits you with a dire flail of protection!
You die...

##..###.########..#
##.# #....## ... ##
#..# #.####
#.#.#.#.#.. ##.##
#.##### #.......#.#
#..# #.....#
##.#.#.#.#.#
####.## #####..
........#.# #....#
### #
.#.#.#.#.###.####
#######
.....[......#@#
#......
#!#.##.......#@#
#......
#....[.......#a#
#......
###......a..#
#...... #.......###
#...... #.......#
#...... #.......#
#...... #.......#
#...... #########
#######


You could see Edmund and a worker ant.

Vanquished Creatures
  Eustachio (D:5)
  A scorpion (D:5)
  2 howler monkeys
  A jelly (D:5)
  2 hounds (D:4)
  An orc priest (D:3)
  A bullfrog skeleton (D:4)
  4 orc wizards
  2 worker ants
  6 gnolls
  5 adders
  2 oozes
  An adder zombie (D:5)
  A worm (D:2)
  3 dart slugs
  A leopard gecko (D:1)
  14 orcs
  5 bats
  2 giant cockroaches
  5 goblins
  5 hobgoblins
  6 jackals
  5 kobolds
  2 quokkas (D:5)
  2 ball pythons
  A frilled lizard (D:3)
  A leopard gecko zombie (D:5)
  22 rats
104 creatures vanquished.

Notes
Turn   | Place    | Note
-------+----------+-------------------------------------------
     0 | D:1      | shenanigans the Barachi Skald began the quest for the Orb.
     0 | D:1      | Reached XP level 1. HP: 17/17 MP: 3/3
   122 | D:1      | Reached XP level 2. HP: 12/23 MP: 5/5
   758 | D:1      | Reached XP level 3. HP: 25/28 MP: 6/6
   759 | D:1      | Reached skill level 3 in Fighting
  1199 | D:2      | Reached XP level 4. HP: 19/35 MP: 7/7
  1598 | D:2      | Found a runed door.
  1754 | D:2      | Noticed Crazy Yiuf
  2111 | D:4      | Noticed Banano's ghost (amateur HOMo)
  2137 | D:3      | Reached XP level 5. HP: 27/41 MP: 8/8
  2773 | D:4      | Reached skill level 4 in Fighting
  2987 | D:4      | Reached XP level 6. HP: 48/48 MP: 9/9
  3589 | D:4      | Found Verchoadu's Assorted Antiques.
  4150 | D:4      | Reached XP level 7. HP: 40/55 MP: 10/10
  4269 | D:5      | Entered Level 5 of the Dungeon
  4332 | D:5      | Reached skill level 5 in Fighting
  4359 | D:5      | Found a staircase to the Ecumenical Temple.
  4391 | Temple   | Entered the Ecumenical Temple
  4526 | Temple   | Became a worshipper of Warmaster Okawaru
  4571 | D:5      | Noticed Eustachio
  4617 | D:5      | Killed Eustachio
  4617 | D:5      | Reached skill level 1 in Invocations
  4655 | D:5      | Found a shattered altar of Ashenzari.
  5053 | D:5      | Found a stormy altar of Qazlal.
  5194 | D:5      | Noticed Edmund
  5213 | D:5      | Slain by Edmund

Vault maps used:
D:1:      minmay_arrival_five_plusses, minmay_misc_feat_chi
D:2:      minmay_rat_gold_closets, uniq_crazy_yiuf_cottage
D:4:      first_ration, serial_shops, shop
D:5:      lemuel_crystal_altar, minmay_temple_entry_junction, serial_glass,
          glass_columns_a, glass_columns_b, nicolae_ashenzari_panopticon,
          uniq_eustachio, uniq_edmund
Temple:   regret_index_temple_sphere_string

Skill      XL: |  1  2  3  4  5  6  7 |
---------------+----------------------+-----
Fighting       | 3 4 5 |  5.3
Armour         | 2 3 4 |  4.9
Axes           | 3 4 |  4.9
Dodging        | 3 4 |  4.9
Invocations    | 1 |  1.8
Spellcasting   | |  2.1
Charms         | |  3.2

Action                   |  1- 3 |  4- 6 |  7- 9 || total
-------------------------+-------+-------+-------++-------
Melee: Hand axe          |   131 |   258 |       ||   389
       War axe           |       |     7 |       ||     7
       Dagger            |       |    48 |    11 ||    59
       Mace              |       |       |    85 ||    85
 Cast: Infusion          |     1 |       |       ||     1
 Abil: Hop               |       |     2 |     1 ||     3
  Use: Scroll            |       |    13 |       ||    13
       Potion            |       |     5 |       ||     5
  Eat: Chunk             |     1 |     6 |       ||     7
       Ration            |       |     1 |     2 ||     3
Armor: Leather armour    |    20 |       |       ||    20
       Ring mail         |    13 |       |       ||    13
       Chain mail        |    35 |   206 |     3 ||   244
       Plate armour      |       |       |    64 ||    64
Dodge: Dodged            |    77 |   112 |    23 ||   212

Table legend:
 A = Spawn XP
 B = Non-spawn XP
 C = Spawn XP percentage of total XP
 D = Spawn monster count
 E = Non-spawn monster count
 F = Spawn count percentage of total count
 G = Total turns spent on level
                    A         B        C        D         E        F      G
               +---------+---------+-------+---------+---------+-------+---------
         Total |       0 |    1135 |   0.0 |       0 |     104 |   0.0 |  5213
               +---------+---------+-------+---------+---------+-------+---------
           D:1 |       0 |      42 |   0.0 |       0 |      23 |   0.0 |   971
           D:2 |       0 |      57 |   0.0 |       0 |      22 |   0.0 |   809
           D:3 |       0 |     150 |   0.0 |       0 |      26 |   0.0 |  1604
           D:4 |       0 |     407 |   0.0 |       0 |      18 |   0.0 |   885
           D:5 |       0 |     479 |   0.0 |       0 |      15 |   0.0 |   792
               +---------+---------+-------+---------+---------+-------+---------
